 Dungeon Crawl Stone Soup version 0.25-a0-1073-gf4359a17dd (webtiles) character file.

Game seed: 13732718076849372976, levelgen mode: deterministic

6 Esekla the Magician (level 1, 0/11 HPs)
             Began as an Octopode Wizard on May 14, 2020.
             Slain by a worm (2 damage)
             ... on level 3 of the Dungeon.
             The game lasted 00:06:19 (702 turns).

Esekla the Magician (Octopode Wizard)                Turns: 702, Time: 00:06:20

Health: 0/11       AC:  1    Str:  6    XL:     1   Next: 90%
Magic:  1/4        EV: 13    Int: 20    God:
Gold:   28         SH:  0    Dex: 10    Spells: 5/6 levels left

rFire    . . .     SeeInvis .   (no weapon)
rCold    . . .     Gourm    .   (no shield)
rNeg     . . .     Faith    .   a - +0 hat
rPois    .         Spirit   .   (no amulet)
rElec    .         Reflect  .   (no ring)
rCorr    .         Harm     .   (no ring)
MR       .....                  (no ring)
Stlth    +++.......             (no ring)
HPRegen  0.03/turn              (no ring)
MPRegen  0.09/turn              (no ring)
                                (no ring)
                                (no ring)

@: no status effects
A: almost no armour, stealthy swim, amphibious, 8 rings, constrict 8, camouflage
1, gelatinous body 1
a: no special abilities


You were on level 3 of the Dungeon.
You were not hungry.

You visited 1 branch of the dungeon, and saw 4 of its levels.

You collected 28 gold pieces.

Inventory:

Armour
 a - a +0 hat (worn)
Scrolls
 d - a scroll of teleportation {unknown}
 e - a scroll of identify {unknown}
 f - a scroll of magic mapping {unknown}
Potions
 b - a potion of resistance {unknown}
 g - a potion of magic {unknown}
 h - 2 potions of lignification {unknown}
Comestibles
 c - 2 rations


   Skills:
 * Level 2.0 Dodging
 - Level 2.6 Stealth
 * Level 3.3 Spellcasting
 + Level 1.0 Conjurations
   Level 1.0 Summonings
   Level 1.0 Translocations


You had 5 spell levels left.
You knew the following spells:

 Your Spells              Type           Power        Failure   Level  Hunger
a - Magic Dart            Conj           #...         9%          1    None

Your spell library contained the following spells:

 Spells                   Type           Power        Failure   Level  Hunger
 Blink                    Tloc           N/A          14%         2    ##.....
 Call Imp                 Summ           #.......     14%         2    ##.....
 Slow                     Hex            #.......     21%         2    ##.....
 Conjure Flame            Conj/Fire      #.......     32%         3    ###....
 Mephitic Cloud           Conj/Pois/Air  #.......     34%         3    ###....


Dungeon Overview and Level Annotations

Branches:
Dungeon (4/15)
 Temple: D:4-7

Altars:
Wu Jian


Innate Abilities, Weirdness & Mutations

You cannot wear most types of armour.
You are very stealthy in the water. (Stealth+)
You are amphibious.
You can wear up to eight rings at the same time.
You can use your tentacles to constrict eight enemies at once.
Your skin changes colour to match your surroundings (Stealth+).
Your rubbery body absorbs attacks. (AC +1, EV +1)


Message History

The worm is heavily wounded.
You constrict the worm. You barely miss the worm. You squeeze the worm.
The worm is heavily wounded.
You constrict the worm. The worm completely misses you.
You tentacle-slap the worm but do no damage.
The worm is heavily wounded.
You constrict the worm.
You tentacle-slap the worm but do no damage.
The worm is severely wounded.
You constrict the worm. The worm bites you!
Ouch! That really hurt!
* * * LOW HITPOINT WARNING * * *
You tentacle-slap the worm but do no damage.
The worm is severely wounded.
You constrict the worm.
You tentacle-slap the worm but do no damage.
The worm is almost dead.
You constrict the worm. The worm bites you.
You die...

#.........##.##.#
#########>##.##.#
#.##.##.#
#.......#######
##.#.##.>.....#
#.#.##.#####.#
#.#.......#
#.####w##.##.#
#.####@......#
#......##.###.
######## .. ##


You could see a worm.

Vanquished Creatures
  A ball python (D:3)
  A quokka (D:3)
  3 bats
5 creatures vanquished.

Notes
Turn   | Place    | Note
-------+----------+-------------------------------------------
     0 | D:1      | Esekla the Octopode Wizard began the quest for the Orb.
     0 | D:1      | Reached XP level 1. HP: 11/11 MP: 4/4
   276 | D:3      | Found an ornate altar of the Wu Jian Council.
   498 | D:4      | Noticed an iguana
   547 | D:4      | Noticed a worker ant
   702 | D:3      | Slain by a worm

Illustrated notes

Levels and vault maps discovered:
D:1:      minmay_arrival_diagonal_passages, layout_basic
D:2:      minmay_roachtagon, layout_basic, minmay_bisected
D:3:      layout_loops_cross, dancing_weapons_uskayaw, old_standard_altar,
          marbit_many_paths, lemuel_coloured_pillars_altar, first_ration,
          minmay_circle_x
D:4:      layout_basic, lemuel_blue_sif_altar, fiery_altar_vehumet

Action                   || total
-------------------------++-------
Melee: Unarmed           ||    11
       Tentacles         ||     2
       Constrict         ||     1
 Cast: Magic Dart        ||    12
Armor: Skin              ||     1
Dodge: Dodged            ||     7

Table legend:
 A = Non-vault XP
 B = Vault XP
 C = Vault XP percentage of total XP
 D = Non-vault monster count
 E = Vault monster count
 F = Vault count percentage of total count
                 A         B        C        D         E       F
            +---------+---------+-------+---------+---------+-------
      Total |       9 |       0 |   0.0 |       5 |       0 |   0.0
            +---------+---------+-------+---------+---------+-------
        D:2 |       1 |       0 |   0.0 |       1 |       0 |   0.0
        D:3 |       8 |       0 |   0.0 |       4 |       0 |   0.0
            +---------+---------+-------+---------+---------+-------
